 Dungeon Crawl Stone Soup version 0.30-a0-358-g0d69a1922f (webtiles) character file.

Game seed: 7518756108016336372

605 ragingrage the Skirmisher (level 7, -2/33 HPs)
             Began as a Spriggan Hunter on Nov 9, 2022.
             Killed from afar by an orc wizard (4 damage)
             ... with a magic dart
             ... on level 4 of the Dungeon.
             The game lasted 00:03:08 (2616 turns).

ragingrage the Skirmisher (Spriggan Hunter)         Turns: 2616, Time: 00:03:08

Health: -2/33      AC:  2    Str:  7    XL:     7   Next: 19%
Magic:  0/7        EV: 18    Int: 16    God:
Gold:   88         SH:  0    Dex: 21    Spells: 6/6 levels left

rFire   . . .      SeeInvis +    a - +0 shortbow
rCold   . . .      Faith    .    (shield currently unavailable)
rNeg    . . .      Spirit   +    c - +0 robe
rPois   +          Reflect  .    (helmet restricted)
rElec   .          Harm     .    (no cloak)
rCorr   .          Rampage  .    (gloves unavailable)
Will    +....                    (boots unavailable)
Stlth   ++........               v - amulet of guardian spirit
HPRegen 0.25/turn                p - +6 ring of intelligence
MPRegen 0.10/turn                (no ring)

@: mighty, brilliant, attractive, very quick
A: very small, no large weapons, unfitting armour, see invisible, speed 3, low
MP 1, poison resistance
a: no special abilities


You were on level 4 of the Dungeon.
You visited 1 branch of the dungeon, and saw 4 of its levels.

You collected 204 gold pieces.
You spent 116 gold pieces at shops.

Inventory:

Hand Weapons
 a - a +0 shortbow (weapon)
Missiles
 f - 5 poisoned darts
 m - a throwing net
Armour
 c - a +0 robe (worn)
Jewellery
 p - a +6 ring of intelligence (left hand)
 v - an amulet of guardian spirit (around neck)
 x - a +6 ring of dexterity
Wands
 w - a wand of iceblast (2)
 z - a wand of polymorph (8)
Scrolls
 b - 3 scrolls of immolation
 d - 2 scrolls of poison {unknown}
 k - a scroll of silence {unknown}
 l - a scroll of butterflies {unknown}
 n - a scroll of enchant weapon {unknown}
 o - a scroll of teleportation {unknown}
 q - a scroll of acquirement {unknown}
 r - 3 scrolls of identify {unknown}
 t - a scroll of fear {unknown}
 y - a scroll of noise {unknown}
Potions
 e - a potion of curing
 g - a potion of cancellation {unknown}
 h - 2 potions of brilliance
 i - 3 potions of attraction
 j - a potion of might
 s - a potion of invisibility {unknown}


   Skills:
 - Level 1.6 Fighting
 + Level 8.7 Ranged Weapons
 - Level 2.8 Dodging
 - Level 1.7 Stealth


You had 6 spell levels left.
You didn't know any spells.
Your spell library contained the following spells:

 Spells                   Type           Power      Damage    Failure   Level
 Kiss of Death            Conj/Necr      0%         2d5       26%         1
 Searing Ray              Conj           0%         2d4       36%         2
 Call Canine Familiar     Summ           0%         N/A       58%         3
 Portal Projectile        Hex/Tloc       0%         N/A       58%         3
 Tukima's Dance           Hex            0%         N/A       58%         3
 Iskenderun's Mystic Bla  Conj/Tloc      0%         2d3       94%         4
 Leda's Liquefaction      Hex/Erth       0%         N/A       94%         4
 Passage of Golubria      Tloc           0%         N/A       94%         4
 Sticky Flame             Conj/Fire      0%         2d3       94%         4
 Yara's Violent Unravell  Hex/Tmut       0%         3d3       100%        5
 Starburst                Conj/Fire      0%         6d3       100%        6


Dungeon Overview and Level Annotations

Branches:
Dungeon (4/15)
 Temple: D:4-7

Altars:
Xom

Shops:
D:4 [*!*

Annotations:
D:2 Natasha


Innate Abilities, Weirdness & Mutations

You are very small and have problems with some larger weapons.
You are too small for most types of armour.
You have supernaturally acute eyesight. (SInv)
You cover ground extremely quickly. (Speed+++)
Your magical capacity is low. (-10% MP)
Your system is resistant to poisons. (rPois)


Message History

The orc wizard hits you with a +0 dagger.
* * * LOW HITPOINT WARNING * * *
You shoot an arrow.
The arrow hits the orc wizard but does no damage.
The orc wizard is almost dead.
The orc wizard gestures at you while chanting.
You are confused.
You miss the orc wizard.
The orc wizard is almost dead.
The orc wizard points at you and mumbles some strange words.
The magic dart hits you.
* * * LOW HITPOINT WARNING * * *
The orc wizard hits you with a +0 dagger.
* * * LOW HITPOINT WARNING * * *
You bump into the translucent rock wall.
The orc wizard misses you.
You clumsily bash the orc wizard but do no damage.
The orc wizard is almost dead.
The orc wizard casts a spell.
The orc wizard flickers and vanishes for a moment.
It was a potion of curing.
You feel better.
The orc wizard gestures at you while chanting.
The magic dart hits you!
* * * LOW HITPOINT WARNING * * *
Unknown command.
It was a potion of mutation.
You feel extremely strange.
You feel less energetic.
You feel resistant to poisons. The orc wizard misses you.
It was a potion of brilliance.
You feel clever all of a sudden.
The orc wizard hits you with a +0 dagger.
* * * LOW HITPOINT WARNING * * *
It was a potion of attraction.
You feel attractive to monsters. The orc wizard misses you.
It was a potion of might.
You feel very mighty all of a sudden.
The orc wizard points at you and mumbles some strange words.
The magic dart hits you.
You die...

#########.#.#########
#......##.#
##.........#
##..###..##.#
#...#o#...#.#
#.###o###...#
#.#..:.o#...#
#.###.###.###
#...#.o@..#
##..###).##
##........ ##.....###
#######


You could see an orc wizard (invisible).

Vanquished Creatures
  Menkaure (D:4)
  A phantom (D:4)
  A necrophage (D:4)
  2 hounds (D:3)
  An orc priest (D:4)
  Jessica (D:2)
  5 orc wizards (D:4)
  2 adders (D:3)
  A worm (D:3)
  A dart slug (D:3)
  20 orcs
  8 ball pythons
  5 endoplasms
  3 giant cockroaches (D:1)
  10 hobgoblins
  2 quokkas
  7 bats
  2 frilled lizards
  2 goblins (D:2)
  3 kobolds
  7 rats
85 creatures vanquished.

Vanquished Creatures (others)
  4 plants (D:4)
4 creatures vanquished.

Grand Total: 89 creatures vanquished

Notes
Turn   | Place    | Note
-------+----------+-------------------------------------------
     0 | D:1      | ragingrage the Spriggan Hunter began the quest for the Orb.
     0 | D:1      | Reached XP level 1. HP: 10/10 MP: 2/2
    81 | D:1      | Reached XP level 2. HP: 14/14 MP: 3/3
   507 | D:2      | Reached XP level 3. HP: 18/18 MP: 4/4
   616 | D:2      | Reached skill level 5 in Ranged Weapons
   647 | D:2      | Noticed Jessica
   650 | D:2      | Killed Jessica
   658 | D:2      | Noticed Natasha
   814 | D:3      | Found a shimmering altar of Xom.
   849 | D:3      | Reached XP level 4. HP: 22/22 MP: 5/5
   956 | D:3      | Reached skill level 6 in Ranged Weapons
  1470 | D:3      | Found a faded altar of an unknown god.
  1661 | D:4      | Found Geiqusi's Assorted Antiques.
  1676 | D:4      | Reached XP level 5. HP: 25/25 MP: 6/6
  1729 | D:4      | Bought a worn brass wand for 116 gold pieces
  1772 | D:4      | Found Tuongozi's Assorted Antiques.
  1930 | D:4      | Got Fodomoxt's Almanac of Blows and Bruises and Sinister
                  | Magic
  1943 | D:4      | Found Zufeab's Distillery.
  1965 | D:4      | Noticed a phantom
  1972 | D:4      | Killed a phantom
  1973 | D:4      | Reached skill level 7 in Ranged Weapons
  2080 | D:4      | Noticed Menkaure
  2083 | D:4      | Reached XP level 6. HP: 28/30 MP: 5/7
  2393 | D:4      | Killed Menkaure
  2394 | D:4      | Reached skill level 8 in Ranged Weapons
  2394 | D:4      | Reached XP level 7. HP: 19/33 MP: 4/8
  2525 | D:4      | Found Pemash's Armour Shop.
  2609 | D:4      | HP: 1/33 [orc wizard/+0 dagger (1)]
  2613 | D:4      | Gained mutation: Your magical capacity is low. (-10% MP)
                  | [potion of mutation]
  2613 | D:4      | Gained mutation: Your system is resistant to poisons.
                  | (rPois) [potion of mutation]
  2614 | D:4      | HP: 1/33 [orc wizard/+0 dagger (2)]
  2616 | D:4      | Killed from afar by an orc wizard

Illustrated notes

Levels and vault maps discovered:
D:1:      minmay_arrival_four_houses, layout_rooms
D:2:      layout_rooms, basic_altar, minmay_split_cup_small,
          uniq_crazy_yiuf_cottage, uniq_natasha, uniq_jessica
D:3:      layout_basic, mainiacjoe_overflow_alcove_2,
          shapermc_ecumenical_altar_acropolis
D:4:      layout_basic, serial_shops, nicolae_shop_advertising_works
          [nicolae_subvault_shop_adworks], nicolae_shop_overgrown_old_shop,
          kennysheep_mini, shop_fountains, chequers_serial_rivers_room_a,
          serial_park_tiny_1, minmay_a_box_with_orc_wizards_in_it, uniq_menkaure

Skill      XL: |  1  2  3  4  5  6 |
---------------+-------------------+-----
Ranged Weapons | 5 6 7 8 |  8.7
Fighting       | |  1.6
Dodging        | |  2.8
Stealth        | |  1.7

Action                   |  1- 3 |  4- 6 |  7- 9 || total
-------------------------+-------+-------+-------++-------
Melee: Shortbow          |       |       |     2 ||     2
 Fire: Shortbow          |   112 |   146 |    23 ||   281
  Use: Potion            |       |       |     5 ||     5
Armor: Robe              |     5 |     4 |     1 ||    10
Dodge: Dodged            |    31 |    44 |    11 ||    86

Table legend: (Time is in decaauts)
 A = Elapsed time spent in this place.
 B = Non-inter-level travel time spent in this place.
 C = Inter-level travel time spent in this place.
 D = Time resting spent in this place.
 E = Time spent auto-exploring this place.
 F = Levels seen in this place.
 G = Mean time per level.
                   A        B        C        D        E       F      G
               +--------+--------+--------+--------+--------+-----+--------+
         Total |   1945 |   1794 |    151 |    282 |   1013 |   4 |  486.2 |
       Dungeon |   1945 |   1794 |    151 |    282 |   1013 |   4 |  486.2 |
               +--------+--------+--------+--------+--------+-----+--------+

Top non-repeatable levels by time:
     D:3: 860 daAuts
     D:4: 588 daAuts
     D:1: 356 daAuts
     D:2: 141 daAuts
